 Dungeon Sprint DCSS version 0.16.2-12-gd0ad4c3 (webtiles) character file.

5644 ericwiseman123 the Imperceptible (level 10, -18/53 HPs)
             Began as a Spriggan Assassin on Sept 11, 2015.
             Was a High Priest of Trog.
             Demolished by Agnes
             ... wielding a +0 lajatang
              (40 damage)
             ... in the Dungeon (Sprint IV: "Fedhas' Mad Dash").
             The game lasted 00:10:36 (3003 turns).

ericwiseman123 the Imperceptible (SpAs)             Turns: 3003, Time: 00:10:36

Health: -18/53     AC:  5    Str: 10    XL:     10   Next: 46%
Magic:  26/26      EV: 25    Int: 13    God:    Trog [*****.]
Gold:   107        SH:  7    Dex: 18    Spells: 0 memorised, 9 levels left

rFire  . . .     SeeInvis +     p - -1 short sword (curse)
rCold  . . .     Clarity  .     E - +2 robe {MR+}
rNeg   . . .     SustAb   .     A - +2 buckler
rPois  .         Gourm    .     (helmet restricted)
rElec  .         Spirit   .     d - +0 cloak
rCorr  .         Warding  .     (gloves unavailable)
rMut   .         NoTele   +     (boots unavailable)
MR     ++...                    n - amulet of inaccuracy (curse)
Stlth  ++++++++++               (no ring)
                                o - ring of invisibility

@: exhausted, very slightly contaminated, slowed, invisible (expiring), quick,
very resistant to hostile enchantments, uncannily stealthy
A: unfitting armour, see invisible, herbivore 3, speed 3, slow metabolism 2
a: Burn Spellbooks, Berserk, Trog's Hand, Brothers in Arms, Renounce Religion,
Turn Visible


You were in the Dungeon.
You worshipped Trog.
Trog was extremely pleased with you.
You were hungry.

You visited 1 branch You collected 229 gold pieces.
You spent 122 gold pieces at shops.

Inventory:

Hand weapons
 a - a +2 dagger
 b - a +0 blowgun
 l - a +2 dagger of speed
 p - a cursed -1 short sword (weapon)
 y - a +0 short sword
 z - a +0 spear
Missiles
 e - 8 poisoned needles
 f - 2 curare-tipped needles
 r - 23 sling bullets
 t - 7 poisoned tomahawks (quivered)
 x - 6 needles of confusion
 C - 4 tomahawks of returning
Armour
 c - a +0 robe
 d - a +0 cloak (worn)
 A - a +2 buckler (worn)
 B - a +0 robe
 E - a +2 robe of magic resistance (worn)
Rods
 u - a +6 iron rod (10/10)
   (You found it in the Dungeon)
Jewellery
 n - a cursed amulet of inaccuracy (around neck)
 o - a ring of invisibility (left hand)
Scrolls
 m - a scroll of blinking
Potions
 h - 2 potions of curing
 j - a potion of haste
 k - 2 potions of magic
Miscellaneous
 q - an ornate deck of changes
 D - a plain deck of summoning
Comestibles
 g - a bread ration
 s - a royal jelly
 w - 4 fruits


   Skills:
 + Level 6.3 Fighting
 + Level 10.5 Short Blades
 + Level 5.2 Throwing
 + Level 9.6 Dodging
 + Level 26.5 Stealth
 + Level 8.5 Evocations


You had 9 spell levels left.
You didn't know any spells.

Dungeon Overview and Level Annotations

Branches:
Dungeon (1/1)

Altars:
Cheibriados
Dithmenos
Elyvilon
Gozag
Kikubaaqudgha
Makhleb
Nemelex Xobeh
Okawaru
Qazlal
Ru
Sif Muna
Trog
Vehumet
Xom
Yredelemnul
Zin
The Shining One
Beogh
Jiyva
Lugonu

Shops:
D [%:%%*(

Annotations:
D Agnes


Innate Abilities, Weirdness & Mutations

You are tiny and cannot use many weapons and most armour.
You have supernaturally acute eyesight.
You are a herbivore.
You cover ground extremely quickly.
You need consume almost no food.


Message History

The elephant rages.
You hit Agnes.
Agnes is moderately wounded.
The polar bear growls angrily.
Agnes hits you with a lajatang!
* * * LOW HITPOINT WARNING * * *
The polar bear growls angrily.
There is an open door, spattered with blood here.
You feel a strong urge to attack something.
You feel your anger subside.
You are no longer berserk.
You are exhausted.
You feel yourself slow down.
You are feeling hungry.
Drink which item? (? for menu, Esc to quit)
You feel much better.
You flicker for a moment.
Agnes hits you with a lajatang!!!
Ouch! That really hurt!
You die...

#############################
........⌠.#.('...#....##∩##.#
_._._._._.'.[#...#....'..##'#
._._._._._#..###'##..[##∩#..####
_._._._._.#..##∩∩.'...#####....#
..._....⌠.#################...∩#
###############....).###.....♣.#
♣♣..♣.###.'.)'.i@....'.'...♣..∩#
..♣..♣##..#..#.P.....###########
♣♣.♣).###.##Y##.P....#
[♣...♣'...#♣i♣########
###########.....# #i.♣h.♣....#
#...♣......♣.. ......♣.....∩.
##############


You could see Agnes.

Vanquished Creatures
  A spriggan druid (D)
  6 oklob plants (D)
  A demonic crawler (D)
  3 burning bushes (D)
  3 wandering mushrooms (D)
  A queen bee (D)
  A wasp (D)
  4 killer bees (D)
  2 scorpions (D)
  5 oklob saplings (D)
  A worker ant (D)
  5 spriggans (D)
  A river rat (D)
  A giant spore (D)
  A rat (D)
36 creatures vanquished.

Notes
Turn   | Place    | Note
--------------------------------------------------------------
     0 | D        | ericwiseman123, the Spriggan Assassin, began the quest for the Orb.
     0 | D        | Reached XP level 1. HP: 10/10 MP: 2/2
     9 | D        | Reached skill level 7 in Stealth
     9 | D        | Reached XP level 2. HP: 13/15 MP: 4/4
    10 | D        | Reached skill level 8 in Stealth
   155 | D        | Noticed an oklob sapling
   156 | D        | Killed an oklob sapling
   156 | D        | Reached skill level 9 in Stealth
   156 | D        | Reached XP level 3. HP: 18/18 MP: 6/6
   158 | D        | Noticed a worker ant
   160 | D        | Killed a worker ant
   160 | D        | Reached skill level 10 in Stealth
   186 | D        | Found a snail-covered altar of Cheibriados.
   186 | D        | Found a glowing silver altar of Zin.
   186 | D        | Found a white marble altar of Elyvilon.
   188 | D        | Found a glowing golden altar of the Shining One.
   188 | D        | Found a viscous altar of Jiyva.
   188 | D        | Found a radiant altar of Vehumet.
   188 | D        | Found a deep blue altar of Sif Muna.
   188 | D        | Found a burning altar of Makhleb.
   188 | D        | Found an ancient bone altar of Kikubaaqudgha.
   188 | D        | Found a bloodstained altar of Trog.
   188 | D        | Found a corrupted altar of Lugonu.
   188 | D        | Found a sacrificial altar of Ru.
   188 | D        | Noticed an oklob sapling priest
   189 | D        | Found a shadowy altar of Dithmenos.
   189 | D        | Found a sparkling altar of Nemelex Xobeh.
   190 | D        | Found a shimmering altar of Xom.
   190 | D        | Found an iron altar of Okawaru.
   191 | D        | Found an opulent altar of Gozag.
   192 | D        | Found a roughly hewn altar of Beogh.
   193 | D        | Found a stormy altar of Qazlal.
   193 | D        | Found a basalt altar of Yredelemnul.
   198 | D        | Killed an oklob sapling priest
   198 | D        | Reached skill level 12 in Stealth
   198 | D        | Reached XP level 4. HP: 10/23 MP: 5/8
   384 | D        | Became a worshipper of Trog the Wrathful
   404 | D        | Noticed an oklob sapling wizard
   407 | D        | Killed an oklob sapling wizard
   407 | D        | Reached skill level 13 in Stealth
   407 | D        | Reached XP level 5. HP: 26/28 MP: 7/10
   530 | D        | Noticed a scorpion
   537 | D        | Reached skill level 14 in Stealth
   545 | D        | Killed a scorpion
   545 | D        | Acquired Trog's first power
   545 | D        | Reached skill level 15 in Stealth
   552 | D        | Reached skill level 1 in Evocations
   755 | D        | Found Hacw's Food Shop.
   755 | D        | Found Mnaeph's Antique Armour Emporium.
   761 | D        | Bought a bread ration for 60 gold pieces
   771 | D        | Noticed a burning bush
   771 | D        | Noticed a wandering mushroom
   772 | D        | Noticed a scorpion
   772 | D        | Noticed a wandering mushroom
   775 | D        | Killed a wandering mushroom
   775 | D        | Reached skill level 5 in Short Blades
   775 | D        | Reached skill level 17 in Stealth
   775 | D        | Reached XP level 6. HP: 31/33 MP: 11/14
   778 | D        | Killed a wandering mushroom
   778 | D        | Reached skill level 18 in Stealth
   778 | D        | Reached XP level 7. HP: 19/38 MP: 13/17
  1088 | D        | Killed a scorpion
  1088 | D        | Reached skill level 5 in Throwing
  1088 | D        | Reached skill level 5 in Dodging
  1088 | D        | Reached skill level 19 in Stealth
  1229 | D        | Killed a burning bush
  1239 | D        | Acquired Trog's second power
  1427 | D        | Found Pixoic's Food Emporium.
  1427 | D        | Found Camucief's Food Shoppe.
  1471 | D        | Noticed an oklob sapling
  1477 | D        | Killed an oklob sapling
  1620 | D        | Noticed a queen bee
  1620 | D        | Noticed a killer bee
  1620 | D        | Noticed a killer bee
  1622 | D        | Noticed a killer bee
  1622 | D        | Noticed a killer bee
  1626 | D        | Killed a queen bee
  1626 | D        | Reached skill level 20 in Stealth
  1626 | D        | Reached XP level 8. HP: 42/42 MP: 17/20
  1627 | D        | Killed a killer bee
  1628 | D        | Killed a killer bee
  1630 | D        | Killed a killer bee
  1631 | D        | Killed a killer bee
  1631 | D        | Reached skill level 5 in Fighting
  1639 | D        | Noticed an oklob plant
  1641 | D        | Killed an oklob plant
  1641 | D        | Reached skill level 21 in Stealth
  1641 | D        | Reached skill level 5 in Evocations
  1873 | D        | Noticed a burning bush
  1877 | D        | Killed a burning bush
  1877 | D        | Reached skill level 22 in Stealth
  1889 | D        | Noticed an oklob sapling
  1889 | D        | Noticed a wandering mushroom
  1889 | D        | Noticed a burning bush
  1889 | D        | Noticed an oklob plant
  1891 | D        | Killed a burning bush
  1891 | D        | Reached XP level 9. HP: 47/47 MP: 22/22
  1897 | D        | Killed an oklob plant
  1897 | D        | Reached skill level 23 in Stealth
  1898 | D        | Killed an oklob sapling
  1900 | D        | Killed a wandering mushroom
  1910 | D        | Received a gift from Trog
  2061 | D        | Noticed a spriggan druid
  2062 | D        | Killed a spriggan druid
  2062 | D        | Acquired Trog's third power
  2062 | D        | Reached skill level 24 in Stealth
  2157 | D        | Noticed an oklob plant conjurer
  2158 | D        | Killed an oklob plant conjurer
  2477 | D        | Noticed an oklob plant
  2477 | D        | Noticed an oklob plant shifter
  2477 | D        | Noticed an oklob plant summoner
  2482 | D        | Killed an oklob plant
  2482 | D        | Reached skill level 25 in Stealth
  2482 | D        | Reached XP level 10. HP: 53/53 MP: 23/25
  2486 | D        | Killed an oklob plant summoner
  2488 | D        | Killed an oklob plant shifter
  2495 | D        | Noticed a demonic crawler
  2497 | D        | Killed a demonic crawler
  2497 | D        | Reached skill level 10 in Short Blades
  2628 | D        | Noticed a spriggan rider
  2628 | D        | Noticed a spriggan
  2628 | D        | Noticed a spriggan
  2629 | D        | Found Crawuiv's Assorted Antiques.
  2673 | D        | Killed a spriggan rider
  2673 | D        | Killed a wasp
  2673 | D        | Received a gift from Trog
  2673 | D        | Reached skill level 26 in Stealth
  2676 | D        | Killed a spriggan
  2682 | D        | Received a gift from Trog
  2737 | D        | Killed a spriggan
  2754 | D        | Found Quepp's Antique Weapon Shoppe.
  2895 | D        | Bought a runed robe for 16 gold pieces
  2895 | D        | Bought a scroll of identify for 46 gold pieces
  2981 | D        | Noticed Agnes
  2983 | D        | Found Xiac's Book Emporium.
  2983 | D        | Noticed a spriggan berserker
  2986 | D        | Noticed an elephant
  2998 | D        | HP: 2/79 [Agnes/lajatang (9)]
  3003 | D        | Demolished by Agnes

Action                   |  1- 3 |  4- 6 |  7- 9 | 10-12 || total
-------------------------+-------+-------+-------+-------++-------
Melee: Dagger            |     9 |    19 |       |       ||    28
       Short sword       |       |     2 |    47 |    86 ||   135
Invok: Berserk           |       |       |     2 |     2 ||     4
       Burn Spellbooks   |       |       |     2 |       ||     2
       Trog's Hand       |       |       |       |     1 ||     1
 Abil: Evoke Invisibilit |     1 |     3 |     8 |     2 ||    14
  Use: Potion            |       |     1 |     1 |     2 ||     4
       Scroll            |       |       |     1 |     2 ||     3
 Stab: Sleeping          |     3 |     3 |    17 |     3 ||    26
       Invisible         |     1 |     1 |       |     1 ||     3
       Distracted        |       |       |     2 |       ||     2
  Eat: Bread ration      |       |       |     1 |       ||     1
       Royal jelly       |       |       |     3 |       ||     3
